 Dungeon Crawl Stone Soup version 0.24-a0-275-g6f7e2cb (webtiles) character file.

Game seed: 14884978391841961420

13 nikopol the Firebug (level 2, -13/15 HPs)
             Began as a Deep Elf Fire Elementalist on Apr 27, 2019.
             Mangled by a gnoll
             ... wielding a +0 halberd
              (14 damage)
             ... on level 2 of the Dungeon.
             The game lasted 00:01:23 (415 turns).

nikopol the Firebug (Deep Elf Fire Elementalist)     Turns: 415, Time: 00:01:24

Health: -13/15     AC:  2    Str:  5    XL:     2   Next: 24%
Magic:  8/8        EV: 13    Int: 19    God:
Gold:   22         SH:  0    Dex: 15    Spells: 6/7 levels left

rFire    . . .     SeeInvis .   (no weapon)
rCold    . . .     Gourm    .   (no shield)
rNeg     . . .     Faith    .   a - +0 robe
rPois    .         Spirit   .   (no helmet)
rElec    .         Reflect  .   (no cloak)
rCorr    .         Harm     .   (no gloves)
MR       .....                  (no boots)
Stlth    ++........             (no amulet)
HPRegen  0.05/turn              (no ring)
MPRegen  0.11/turn              (no ring)

@: lethally poisoned (-13 -> -18)
A: no striking features
a: no special abilities


You were on level 2 of the Dungeon.
You were not hungry.

You visited 1 branch of the dungeon, and saw 2 of its levels.

You collected 22 gold pieces.

Inventory:

Armour
 a - a +0 robe (worn)
Jewellery
 h - a cursed amulet of inaccuracy {unknown}
Scrolls
 b - 2 scrolls of teleportation {unknown}
 d - 2 scrolls of amnesia {unknown}
 e - a scroll of blinking {unknown}
 f - a scroll of identify {unknown}
Comestibles
 c - 2 rations


   Skills:
 + Level 2.6 Dodging
 + Level 2.5 Stealth
 + Level 3.2 Spellcasting
 + Level 1.4 Conjurations
 + Level 3.6 Fire Magic


You had 6 spell levels left.
You knew the following spells:

 Your Spells              Type           Power        Failure   Level  Hunger
a - Flame Tongue          Conj/Fire      ##...        5%          1    None

Your spell library contained the following spells:

 Spells                   Type           Power        Failure   Level  Hunger
 Throw Flame              Conj/Fire      ##....       8%          2    ##.....
 Conjure Flame            Conj/Fire      ##......     16%         3    ###....
 Inner Flame              Hex/Fire       #.......     22%         3    ###....
 Sticky Flame             Conj/Fire      ##......     45%         4    ####...
 Fireball                 Conj/Fire      ##........   82%         5    ######.


Dungeon Overview and Level Annotations

Branches:
Dungeon (2/15)

Altars:


Message History

You barely miss the rat. The adder misses you. The gnoll closely misses you.
The frilled lizard barely misses you. The adder closely misses you.
The rat bites you. x2; The frilled lizard bites you.
The gnoll misses you.
A frilled lizard comes into view.
The leopard gecko hisses menacingly.
Found a stone staircase leading down.
The frilled lizard hisses angrily.
You hit the goblin.
The goblin is heavily wounded.
The adder bites you.
You are poisoned.
The adder poisons you! The goblin hits you with a +0 club.
* * * LOW HITPOINT WARNING * * *
The rat barely misses you. The rat bites you.
* * * LOW HITPOINT WARNING * * *
* * * LOW HITPOINT WARNING * * *
You feel sick.
The gnoll hits you from afar with a +0 halberd!
Ouch! That really hurt!
You die...

## . ...##. ..
$##......
#.#.........
..#........
..........
.[.......
#####g...l...
####(.rS@.......
#......rl.......
#.....g.gl......
#......g.g##.#>.
#.......g.# ..#
#.........#.# .#
#...........# <
#..........$..
###########...


You could see a gnoll sergeant, 4 gnolls, an adder, a leopard gecko, a goblin, 2
frilled lizards and 2 rats.

Vanquished Creatures
  A leopard gecko (D:1)
  2 bats (D:1)
  2 hobgoblins (D:1)
  3 kobolds (D:1)
  A ball python (D:1)
  3 rats (D:1)
12 creatures vanquished.

Notes
Turn   | Place    | Note
-------+----------+-------------------------------------------
     0 | D:1      | nikopol the Deep Elf Fire Elementalist began the quest for
                  | the Orb.
     0 | D:1      | Reached XP level 1. HP: 10/10 MP: 6/6
   201 | D:1      | Reached XP level 2. HP: 15/15 MP: 4/8
   405 | D:1      | You fall through a shaft!
   406 | D:2      | Noticed a gnoll sergeant
   415 | D:2      | Mangled by a gnoll

Levels and vault maps discovered:
D:1:      dpeg_arrival_pond, layout_basic
D:2:      layout_rooms, nemelex_altar_shiori

Action                   || total
-------------------------++-------
Melee: Unarmed           ||     3
 Cast: Flame Tongue      ||    19
Dodge: Dodged            ||    20

Table legend:
 A = Non-vault XP
 B = Vault XP
 C = Vault XP percentage of total XP
 D = Non-vault monster count
 E = Vault monster count
 F = Vault count percentage of total count
                 A         B        C        D         E       F
            +---------+---------+-------+---------+---------+-------
      Total |      19 |       0 |   0.0 |      12 |       0 |   0.0
            +---------+---------+-------+---------+---------+-------
        D:1 |      19 |       0 |   0.0 |      12 |       0 |   0.0
            +---------+---------+-------+---------+---------+-------
